| TOP OF THE 1ST |
|
Colorado Springs Sky Sox batting - Pitching for Gwinnett Braves : RHP Jim Kincaid
|
|
Pitching: RHP Jim Kincaid
|
|
|
Batting: LHB Steve Gilliam
|
0-0: Ball 1-0: Ball 2-0: Foul Ball, location: 2F 2-1: Swinging Strike 2-2: Ball 3-2: Base on Balls
|
|
Batting: RHB Juan Figueroa
|
0-0: Ball 1-0: Ball 2-0: Fielders Choice at 2nd, 1-4 (Groundball, 15S, EV 75.0 MPH)
|
|
Batting: LHB Kyle Schaible
|
0-0: Ball 1-0: Ball 2-0: Fly out, F5 (Popup, 25F, EV 90.0 MPH)
|
|
Batting: LHB Michael Krott
|
0-0: Ground out 4-3 (Groundball, 4, EV 82.5 MPH)
|
| Top of the 1st over - 0 runs, 0 hits, 0 errors, 1 left on base; Colorado Springs 0 - Gwinnett 0 |
| BOTTOM OF THE 1ST |
|
Gwinnett Braves batting - Pitching for Colorado Springs Sky Sox : RHP Pei Xie
|
|
Pitching: RHP Pei Xie
|
|
|
Batting: RHB Nate Taylor
|
0-0: Ball 1-0: Foul Ball, location: 2F 1-1: Swinging Strike 1-2: Ball 2-2: Strikes out swinging
|
|
Batting: RHB Alex Munoz
|
0-0: Foul Ball, location: 2F 0-1: Ball 1-1: Called Strike 1-2: Ball 2-2: Ball 3-2: Base on Balls
|
|
Batting: SHB Bob Morales
|
0-0: Ball 1-0: Called Strike 1-1: Foul Ball, location: 2F 1-2: Strikes out swinging
|
|
Batting: RHB Muneer Maudad
|
0-0: Ball Alex Munoz is caught stealing 2nd base 2-4
|
| Bottom of the 1st over - 0 runs, 0 hits, 0 errors, 0 left on base; Colorado Springs 0 - Gwinnett 0 |
| TOP OF THE 2ND |
|
Colorado Springs Sky Sox batting - Pitching for Gwinnett Braves : RHP Jim Kincaid
|
|
Batting: RHB Kevin Tangeman
|
0-0: Called Strike 0-1: Called Strike 0-2: Ball 1-2: SINGLE (Line Drive, 4MD, EV 104.4 MPH)
|
|
Batting: LHB Iehohs Inatho
|
0-0: Ball 1-0: Called Strike 1-1: Ball 2-1: Called Strike 2-2: Ball 3-2: Foul Ball, location: 2F 3-2: Fielders Choice at 2nd, 4-6 (Groundball, 34, EV 85.0 MPH)
|
|
Batting: RHB Ryan Rinaldi
|
0-0: Ball Iehohs Inatho steals 2nd base 1-0: Fly out, F8 (Flyball, 78M, EV 93.8 MPH)
|
|
Batting: RHB Eric Delgado
|
0-0: Ball 1-0: Ball 2-0: Ball 3-0: Called Strike 3-1: Called Strike 3-2: Ground out 6-3 (Groundball, 6, EV 92.5 MPH)
|
| Top of the 2nd over - 0 runs, 1 hit, 0 errors, 1 left on base; Colorado Springs 0 - Gwinnett 0 |
| BOTTOM OF THE 2ND |
|
Gwinnett Braves batting - Pitching for Colorado Springs Sky Sox : RHP Pei Xie
|
|
Batting: RHB Muneer Maudad
|
0-0: Called Strike 0-1: Ground out 6-3 (Groundball, 6, EV 80.6 MPH)
|
|
Batting: SHB Brian Bagley
|
0-0: Ground out 4-3 (Groundball, 4, EV 88.1 MPH)
|
|
Batting: LHB Chad Persaud
|
0-0: Foul Ball, location: 2F 0-1: Ball 1-1: Reached on error, E6 (Groundball, 6, EV 95.0 MPH)
|
|
Batting: SHB Troy Kenyon
|
0-0: Ball 1-0: Ball 2-0: Ball 3-0: Called Strike 3-1: Ground out 2-3 (Groundball, 2L, EV 62.5 MPH)
|
| Bottom of the 2nd over - 0 runs, 0 hits, 1 error, 1 left on base; Colorado Springs 0 - Gwinnett 0 |
| TOP OF THE 3RD |
|
Colorado Springs Sky Sox batting - Pitching for Gwinnett Braves : RHP Jim Kincaid
|
|
Batting: RHB Pei Xie
|
0-0: Called Strike 0-1: Called Strike 0-2: Ball 1-2: Ball 2-2: Strikes out swinging
|
|
Batting: LHB Steve Gilliam
|
0-0: Ball 1-0: Ground out 6-3 (Groundball, 6, EV 82.5 MPH)
|
|
Batting: RHB Juan Figueroa
|
0-0: DOUBLE (Line Drive, 7LM, EV 111.2 MPH)
|
|
Batting: LHB Kyle Schaible
|
0-0: Ground out 3-1 (Groundball, 34S, EV 81.2 MPH)
|
| Top of the 3rd over - 0 runs, 1 hit, 0 errors, 1 left on base; Colorado Springs 0 - Gwinnett 0 |
| BOTTOM OF THE 3RD |
|
Gwinnett Braves batting - Pitching for Colorado Springs Sky Sox : RHP Pei Xie
|
|
Batting: LHB Mark Buchholz
|
0-0: Ball 1-0: SINGLE (Groundball, 34S, EV 73.1 MPH) (infield hit)
|
|
Batting: RHB Jesse Lester
|
0-0: Ball 1-0: Fielders Choice at 2nd, 3-6 (Groundball, 3, EV 83.1 MPH)
|
|
Batting: RHB Nate Taylor
|
0-0: Foul Ball, location: 2F 0-1: Swinging Strike 0-2: Ball 1-2: Strikes out swinging
|
|
Batting: RHB Alex Munoz
|
0-0: Foul Ball, location: 2F 0-1: Ball 1-1: Called Strike 1-2: Ball 2-2: Foul Ball, location: 2F 2-2: Fielders Choice at 2nd, 6-4 (Groundball, 6, EV 98.1 MPH)
|
| Bottom of the 3rd over - 0 runs, 1 hit, 0 errors, 1 left on base; Colorado Springs 0 - Gwinnett 0 |
| TOP OF THE 4TH |
|
Colorado Springs Sky Sox batting - Pitching for Gwinnett Braves : RHP Jim Kincaid
|
|
Batting: LHB Michael Krott
|
0-0: Ball 1-0: Foul Ball, location: 2F 1-1: Swinging Strike 1-2: Strikes out swinging
|
|
Batting: RHB Kevin Tangeman
|
0-0: Ball 1-0: Called Strike 1-1: Swinging Strike 1-2: Ground out 5-3 (Groundball, 56, EV 92.5 MPH)
|
|
Batting: LHB Iehohs Inatho
|
0-0: Ground out 4-3 (Groundball, 4, EV 89.4 MPH)
|
| Top of the 4th over - 0 runs, 0 hits, 0 errors, 0 left on base; Colorado Springs 0 - Gwinnett 0 |
| BOTTOM OF THE 4TH |
|
Gwinnett Braves batting - Pitching for Colorado Springs Sky Sox : RHP Pei Xie
|
|
Batting: SHB Bob Morales
|
0-0: Fly out, F7 (Flyball, 7LS, EV 98.1 MPH)
|
|
Batting: RHB Muneer Maudad
|
0-0: Ball 1-0: Ball 2-0: SOLO HOME RUN (Line Drive, 89XD, EV 106.2 MPH), Distance : 415 ft
|
|
Batting: SHB Brian Bagley
|
0-0: Foul Ball, location: 2F 0-1: Ball 1-1: Swinging Strike 1-2: Ball 2-2: Ball 3-2: Foul Ball, location: 2F 3-2: Base on Balls
|
|
Batting: LHB Chad Persaud
|
0-0: Called Strike 0-1: Ball 1-1: Called Strike 1-2: Fly out, F8 (Flyball, 89M, EV 94.4 MPH)
|
|
Batting: SHB Troy Kenyon
|
0-0: Ball 1-0: Ball 2-0: Ball 3-0: Base on Balls Brian Bagley to second
|
|
Batting: LHB Mark Buchholz
|
0-0: Called Strike 0-1: Ball 1-1: Foul Ball, location: 2F 1-2: Foul Ball, location: 2F 1-2: SINGLE (Groundball, 23, EV 70.0 MPH) (infield hit) Brian Bagley to third Troy Kenyon to second
|
|
Batting: RHB Jesse Lester
|
0-0: Ball 1-0: Foul Ball, location: 2F 1-1: Called Strike 1-2: Strikes out looking
|
| Bottom of the 4th over - 1 run, 2 hits, 0 errors, 3 left on base; Colorado Springs 0 - Gwinnett 1 |
| TOP OF THE 5TH |
|
Colorado Springs Sky Sox batting - Pitching for Gwinnett Braves : RHP Jim Kincaid
|
|
Batting: RHB Ryan Rinaldi
|
0-0: Foul Ball, location: 2F 0-1: Called Strike 0-2: SINGLE (Groundball, 56D, EV 103.1 MPH)
|
|
Batting: RHB Eric Delgado
|
0-0: Ball Ryan Rinaldi steals 2nd base 1-0: Foul Ball, location: 2F 1-1: Swinging Strike 1-2: Strikes out looking
|
|
Batting: RHB Pei Xie
|
0-0: Fly out, F8 (Line Drive, 8RS, EV 96.9 MPH)
|
|
Batting: LHB Steve Gilliam
|
0-0: Called Strike 0-1: Called Strike 0-2: Ball 1-2: Ball 2-2: Ball 3-2: Base on Balls
|
|
Batting: RHB Juan Figueroa
|
0-0: Foul Ball, location: 2F 0-1: Ball 1-1: SINGLE (Line Drive, 78S, EV 107.5 MPH) Ryan Rinaldi to third Steve Gilliam to second Runner from 3rd tries for Home, SAFE, throw by LF to home
|
|
Batting: LHB Kyle Schaible
|
0-0: Ball 1-0: Ball 2-0: Ball 3-0: Called Strike 3-1: DOUBLE (Flyball, 8RXD, EV 100.6 MPH) Steve Gilliam scores Juan Figueroa to third Runner from 3rd tries for Home, SAFE, no throw by CF
|
|
Batting: LHB Michael Krott
|
0-0: Ball 1-0: Called Strike 1-1: SINGLE (Flyball, 8LS, EV 93.8 MPH) Kyle Schaible to third Runner from 3rd tries for Home, throw by CF and OUT! 8-2
|
| Top of the 5th over - 3 runs, 4 hits, 0 errors, 1 left on base; Colorado Springs 3 - Gwinnett 1 |
| BOTTOM OF THE 5TH |
|
Gwinnett Braves batting - Pitching for Colorado Springs Sky Sox : RHP Pei Xie
|
|
Batting: RHB Nate Taylor
|
0-0: SINGLE (Line Drive, 7S, EV 93.1 MPH)
|
|
Batting: RHB Alex Munoz
|
0-0: Ball 1-0: Ball 2-0: Ball 3-0: Called Strike 3-1: Base on Balls Nate Taylor to second
|
|
Batting: SHB Bob Morales
|
0-0: Ball 1-0: Called Strike 1-1: Ball 2-1: Foul Ball, location: 2F 2-2: Ball 3-2: Foul Ball, location: 2F 3-2: SINGLE (Groundball, 56D, EV 100.6 MPH) Nate Taylor to third Alex Munoz to second Runner from 3rd tries for Home, SAFE, throw by LF to home
|
|
Batting: RHB Muneer Maudad
|
0-0: Swinging Strike 0-1: Ball 1-1: Ball 2-1: Foul Ball, location: 2F 2-2: Ball 3-2: SINGLE (Groundball, 56D, EV 97.5 MPH) Alex Munoz to third Bob Morales to second Runner from 3rd tries for Home, SAFE, throw by LF to home
|
|
Pitching: RHP Vas Karamyshev
|
|
|
Batting: SHB Brian Bagley
|
0-0: Foul Ball, location: 2F 0-1: Fielders Choice at 2nd, 4-6 (Groundball, 4, EV 105.0 MPH) Bob Morales to third
|
|
Batting: LHB Chad Persaud
|
0-0: Called Strike 0-1: Ball Wild Pitch! Bob Morales scores Brian Bagley to second 1-1: Swinging Strike 1-2: Ground out 6-3 (Groundball, 6, EV 89.4 MPH)
|
|
Batting: SHB Troy Kenyon
|
0-0: Ball 1-0: Ball 2-0: 2-RUN HOME RUN (Flyball, 78XD, EV 96.2 MPH), Distance : 384 ft
|
|
Batting: LHB Mark Buchholz
|
0-0: Ball 1-0: Swinging Strike 1-1: Ball 2-1: Foul Ball, location: 2F 2-2: Foul Ball, location: 2F 2-2: Ball 3-2: Foul Ball, location: 2F 3-2: DOUBLE (Line Drive, 9LS, EV 107.5 MPH)
|
|
Batting: RHB Jesse Lester
|
0-0: Foul Ball, location: 2F 0-1: Called Strike 0-2: Ball 1-2: Foul Ball, location: 2F 1-2: Ground out 4-3 (Groundball, 4S, EV 84.4 MPH)
|
| Bottom of the 5th over - 5 runs, 5 hits, 0 errors, 1 left on base; Colorado Springs 3 - Gwinnett 6 |
| TOP OF THE 6TH |
|
Colorado Springs Sky Sox batting - Pitching for Gwinnett Braves : RHP Jim Kincaid
|
|
Batting: RHB Kevin Tangeman
|
0-0: Called Strike 0-1: Ball 1-1: Foul Ball, location: 2F 1-2: Ball 2-2: Strikes out swinging
|
|
Batting: LHB Iehohs Inatho
|
0-0: Called Strike 0-1: Ball 1-1: SINGLE (Groundball, 56, EV 101.9 MPH)
|
|
Batting: RHB Ryan Rinaldi
|
0-0: SINGLE (Line Drive, 89M, EV 104.4 MPH) Iehohs Inatho to second
|
|
Batting: RHB Eric Delgado
|
0-0: Ball Iehohs Inatho steals 3rd base Ryan Rinaldi to second 1-0: Ball 2-0: Called Strike 2-1: Called Strike 2-2: Ground out 4-3 (Groundball, 4, EV 90.6 MPH) Iehohs Inatho scores Ryan Rinaldi to third
|
|
Batting: RHB Pei Xie
|
0-0: Ball 1-0: Ball 2-0: Called Strike 2-1: Called Strike 2-2: Ball 3-2: Foul Ball, location: 2F 3-2: Fly out, F8 (Flyball, 8RD, EV 91.9 MPH)
|
| Top of the 6th over - 1 run, 2 hits, 0 errors, 1 left on base; Colorado Springs 4 - Gwinnett 6 |
| BOTTOM OF THE 6TH |
|
Gwinnett Braves batting - Pitching for Colorado Springs Sky Sox : RHP Vas Karamyshev
|
|
Batting: RHB Nate Taylor
|
0-0: Ball 1-0: Foul Ball, location: 2F 1-1: Foul Ball, location: 2F 1-2: Ball 2-2: Ball 3-2: Base on Balls
|
|
Batting: RHB Alex Munoz
|
0-0: Ball 1-0: Called Strike 1-1: Ball 2-1: Ball 3-1: Swinging Strike 3-2: Base on Balls Nate Taylor to second
|
|
Batting: SHB Bob Morales
|
0-0: SINGLE (Groundball, 3S, EV 66.9 MPH) (infield hit) Nate Taylor to third Alex Munoz to second
|
|
Batting: RHB Muneer Maudad
|
0-0: Ball 1-0: Ball 2-0: Ball 3-0: Called Strike 3-1: Base on Balls Nate Taylor scores Alex Munoz to third Bob Morales to second
|
|
Batting: SHB Brian Bagley
|
0-0: Called Strike 0-1: Ball 1-1: Ball 2-1: Ball 3-1: Base on Balls Alex Munoz scores Bob Morales to third Muneer Maudad to second
|
|
Pitching: LHP Eric Zielinski
|
|
|
Batting: LHB Chad Persaud
|
0-0: Foul Ball, location: 2F 0-1: Ball 1-1: SINGLE (Groundball, 56D, EV 95.6 MPH) Bob Morales scores Muneer Maudad to third Brian Bagley to second
|
|
Batting: SHB Troy Kenyon
|
0-0: Ball 1-0: Ball 2-0: Ball 3-0: Base on Balls Muneer Maudad scores Brian Bagley to third Chad Persaud to second
|
|
Batting: LHB Mark Buchholz
|
0-0: Called Strike 0-1: Grounds into double play, 6-4-3 (Groundball, 6, EV 87.5 MPH) Brian Bagley scores Chad Persaud to third
|
|
Batting: RHB Jesse Lester
|
0-0: Foul Ball, location: 2F 0-1: Swinging Strike 0-2: Foul Ball, location: 2F 0-2: Foul Ball, location: 2F 0-2: Strikes out looking
|
| Bottom of the 6th over - 5 runs, 2 hits, 0 errors, 1 left on base; Colorado Springs 4 - Gwinnett 11 |
| TOP OF THE 7TH |
|
Colorado Springs Sky Sox batting - Pitching for Gwinnett Braves : RHP Jim Kincaid
|
|
Batting: LHB Steve Gilliam
|
0-0: Ball 1-0: Ball 2-0: Fly out, F8 (Flyball, 8LM, EV 88.1 MPH)
|
|
Batting: RHB Juan Figueroa
|
0-0: Ball 1-0: Swinging Strike 1-1: Foul Ball, location: 2F 1-2: Ground out 5-3 (Groundball, 56, EV 85.0 MPH)
|
|
Batting: LHB Kyle Schaible
|
0-0: Called Strike 0-1: Ball 1-1: Ball 2-1: SINGLE (Groundball, 34D, EV 105.6 MPH)
|
|
Pitching: RHP Chris Lincecum II
|
|
|
Batting: LHB Michael Krott
|
0-0: Called Strike 0-1: Ball 1-1: SINGLE (Line Drive, 9S, EV 92.5 MPH) Kyle Schaible to second Runner from 2nd tries for 3rd, SAFE, throw by RF made to third
|
|
Batting: RHB Kevin Tangeman
|
0-0: Ball 1-0: Called Strike 1-1: Fielders Choice at 2nd, 6-4 (Groundball, 6, EV 106.2 MPH)
|
| Top of the 7th over - 0 runs, 2 hits, 0 errors, 2 left on base; Colorado Springs 4 - Gwinnett 11 |
| BOTTOM OF THE 7TH |
|
Gwinnett Braves batting - Pitching for Colorado Springs Sky Sox : LHP Eric Zielinski
|
|
Batting: RHB Nate Taylor
|
0-0: Called Strike 0-1: Called Strike 0-2: Strikes out swinging
|
|
Batting: RHB Alex Munoz
|
0-0: Hit by Pitch
|
|
Pinch Hitting: RHB Edgar Castillo
|
0-0: Ball 1-0: Foul Ball, location: 2F 1-1: Ball 2-1: Called Strike 2-2: Foul Ball, location: 2F 2-2: Foul Ball, location: 2F 2-2: Strikes out swinging
|
|
Batting: RHB Muneer Maudad
|
0-0: Swinging Strike 0-1: Called Strike 0-2: Ball 1-2: Ball 2-2: Foul Ball, location: 2F 2-2: Fielders Choice at 2nd, U6 (Groundball, 6M, EV 106.2 MPH)
|
| Bottom of the 7th over - 0 runs, 0 hits, 0 errors, 1 left on base; Colorado Springs 4 - Gwinnett 11 |
| TOP OF THE 8TH |
|
Colorado Springs Sky Sox batting - Pitching for Gwinnett Braves : RHP Chris Lincecum II
|
|
Now in LF: Edgar Castillo
|
|
|
Now in CF: Chad Persaud
|
|
|
Batting: LHB Iehohs Inatho
|
0-0: Called Strike 0-1: Foul Ball, location: 2F 0-2: Foul Ball, location: 2F 0-2: Fly out, F4 (Popup, 34S, EV 83.8 MPH)
|
|
Batting: RHB Ryan Rinaldi
|
0-0: Ball 1-0: Called Strike 1-1: Ball 2-1: Called Strike 2-2: Foul Ball, location: 2F 2-2: Foul Ball, location: 2F 2-2: Strikes out swinging
|
|
Batting: RHB Eric Delgado
|
0-0: Ball 1-0: Ball 2-0: Ground out 6-3 (Groundball, 6, EV 88.1 MPH)
|
| Top of the 8th over - 0 runs, 0 hits, 0 errors, 0 left on base; Colorado Springs 4 - Gwinnett 11 |
| BOTTOM OF THE 8TH |
|
Gwinnett Braves batting - Pitching for Colorado Springs Sky Sox : LHP Eric Zielinski
|
|
Batting: SHB Brian Bagley
|
0-0: Foul Ball, location: 2F 0-1: Called Strike 0-2: Ball 1-2: Ball 2-2: Ball 3-2: Ground out 2-3 (Groundball, 13S, EV 70.0 MPH)
|
|
Batting: LHB Chad Persaud
|
0-0: Called Strike 0-1: Foul Ball, location: 2F 0-2: Fly out, F4 (Popup, 4, EV 67.5 MPH)
|
|
Batting: SHB Troy Kenyon
|
0-0: Ball 1-0: Fly out, F8 (Line Drive, 8RD, EV 91.2 MPH)
|
| Bottom of the 8th over - 0 runs, 0 hits, 0 errors, 0 left on base; Colorado Springs 4 - Gwinnett 11 |
| TOP OF THE 9TH |
|
Colorado Springs Sky Sox batting - Pitching for Gwinnett Braves : RHP Chris Lincecum II
|
|
Batting: RHB Pei Xie
|
0-0: Ground out 6-3 (Groundball, 6, EV 85.6 MPH)
|
|
Batting: LHB Steve Gilliam
|
0-0: Ball 1-0: Called Strike 1-1: Ball 2-1: Ball 3-1: Foul Ball, location: 2F 3-2: Base on Balls
|
|
Batting: RHB Juan Figueroa
|
0-0: Foul Ball, location: 2F 0-1: Swinging Strike 0-2: Strikes out swinging
|
|
Pitching: LHP Justin Sullins
|
|
|
Batting: LHB Kyle Schaible
|
0-0: Ball 1-0: Called Strike 1-1: Ground out 4-3 (Groundball, 4, EV 108.8 MPH)
|
| Top of the 9th over - 0 runs, 0 hits, 0 errors, 1 left on base; Colorado Springs 4 - Gwinnett 11 |
|